 Dungeon Crawl Stone Soup version 0.31-a0-496-g6f97920a28 (webtiles) character file.

Game seed: 6157028214838462731

27106 Newt the Impaler (level 13, -21/98 HPs)
             Began as a Merfolk Gladiator on Aug 7, 2023.
             Was a High Priest of Makhleb.
             Demolished by an azure jelly (40 damage)
             ... in an ice cave on Aug 8, 2023.
             The game lasted 00:18:27 (13603 turns).

Newt the Impaler (Merfolk Gladiator)               Turns: 13603, Time: 00:18:27

Health: -21/98     AC:  5    Str: 24    XL:     13   Next: 30%
Magic:  0/19       EV: 23    Int: 11    God:    Makhleb [*****.]
Gold:   43         SH:  0    Dex: 16    Spells: 10/12 levels left

rFire   . . .        J - +7 bardiche "Maedghut" {speed, Drain Str+2 Int+3 Stlth+}
rCold   . . .        (shield currently unavailable)
rNeg    + + +        I - +2 troll leather armour
rPois   .            c - melded +1 helmet
rElec   .            (cloak currently unavailable)
rCorr   .            (gloves currently unavailable)
SInv    .            (boots currently unavailable)
Will    .....        i - amulet of guardian spirit
Stlth   +++          x - +5 ring of evasion
HPRegen 1.16/turn    w - ring of Deonaruz {Fly rN+++ Will- Str+4 Stlth+}
MPRegen 0.16/turn

%: guardian spirit
@: beast-form, flying
A: beast (slay +4), (nimble swimmer 2), mertail
a: Begin Untransformation, Renounce Religion, Minor Destruction, Lesser Servant
of Makhleb, Major Destruction, Greater Servant of Makhleb


You were in an ice cave.
You worshipped Makhleb.
Makhleb was extremely pleased with you.
You were a hulking beast.
You visited 2 branches of the dungeon, and saw 14 of its levels.
You also visited: Ice Cave.

You collected 1022 gold pieces.
You spent 979 gold pieces at shops.

Inventory:

Hand Weapons
 a - a +0 trident of flaming
 m - a +1 trident of protection
 H - a +2 spear of freezing
 J - the +7 bardiche "Maedghut" (weapon) {speed, Drain Str+2 Int+3 Stlth+}
   (You acquired it on level 9 of the Dungeon)

   Str:       It affects your strength (+2).
   Int:       It affects your intelligence (+3).
   Drain:     It drains your maximum health when unequipped.
   Stlth:     It makes you more stealthy.
Missiles
 d - a throwing net
 e - a javelin
Armour
 b - a +0 leather armour
 c - a +1 helmet (melded)
 q - a +1 leather armour of fire resistance
 s - the +1 buckler "Innaucla" {Int+3}
   (You found it on level 5 of the Dungeon)

   Int:       It affects your intelligence (+3).
 v - a +0 cloak
 G - +0 acid dragon scales
 I - a +2 troll leather armour (worn)
Jewellery
 g - a +6 ring of intelligence
 i - an amulet of guardian spirit (around neck)
 j - a ring of wizardry
 t - a ring of flight
 w - the ring of Deonaruz (right hand) {Fly rN+++ Will- Str+4 Stlth+}
   (You found it on level 7 of the Dungeon)

   [ring of flight]

   Str:       It affects your strength (+4).
   rN:        It renders you almost immune to negative energy.
   Fly:       It grants you flight.
   Will:      It decreases your willpower.
   Stlth:     It makes you more stealthy.
 x - a +5 ring of evasion (left hand)
 B - an amulet of the acrobat
 C - a +5 ring of evasion
 K - an amulet of regeneration
Talismans
 k - a beast talisman (active)
Wands
 y - a wand of polymorph (7)
 z - a wand of light (6)
 P - a wand of iceblast (4)
Scrolls
 p - 2 scrolls of teleportation
 A - 2 scrolls of identify
 F - a scroll of amnesia
 L - a scroll of immolation
 N - a scroll of fear
 O - a scroll of enchant weapon
Potions
 f - 9 potions of degeneration
 h - a potion of mutation
 l - a potion of ambrosia
 n - 4 potions of might
 o - a potion of brilliance
 u - a potion of enlightenment
 D - a potion of berserk rage
 E - 3 potions of curing


   Skills:
 - Level 8.0 Fighting
 - Level 20.0 Polearms
 - Level 2.0 Throwing
 + Level 11.3 Dodging
 - Level 6.0 Shields
 - Level 9.0 Invocations
 - Level 6.0 Evocations
 - Level 10.0 Shapeshifting


You had 10 spell levels left.
You knew the following spells:

 Your Spells              Type           Power      Damage    Failure   Level
a - Call Imp              Summ           0%         N/A       52%         2

Your spell library contained the following spells:

 Spells                   Type           Power      Damage    Failure   Level
 Magic Dart               Conj           0%         1d3       38%         1
 Sandblast                Erth           0%         2d4       38%         1
 Passwall                 Tmut/Erth      0%         N/A       52%         2
 Poisonous Vapours        Pois/Air       0%         N/A       52%         2
 Sublimation of Blood     Necr           0%         N/A       52%         2
 Gell's Gravitas          Tloc           0%         N/A       77%         3
 Hailstorm                Conj/Ice       0%         3d3       77%         3
 Mephitic Cloud           Conj/Pois/Air  0%         N/A       77%         3
 Ozocubu's Armour         Ice            0%         N/A       77%         3
 Stone Arrow              Conj/Erth      0%         3d7       77%         3
 Teleport Other           Tloc           0%         N/A       77%         3
 Petrify                  Tmut/Erth      0%         N/A       99%         4
 Summon Ice Beast         Ice/Summ       0%         N/A       99%         4
 Freezing Cloud           Conj/Ice/Air   0%         6-21      100%        5
 Irradiate                Conj/Tmut      0%         3d11      100%        5
 Metabolic Englaciation   Hex/Ice        0%         N/A       100%        5
 Summon Forest            Summ/Tloc      0%         N/A       100%        5
 Summon Mana Viper        Hex/Summ       0%         N/A       100%        5
 Dispersal                Tloc           0%         N/A       100%        6
 Eringya's Noxious Bog    Tmut/Pois      0%         4d6       100%        6
 Simulacrum               Ice/Necr       0%         N/A       100%        6
 Monstrous Menagerie      Summ           0%         N/A       100%        7
 Summon Hydra             Summ           0%         N/A       100%        7


Dungeon Overview and Level Annotations

Branches:
Dungeon (13/15)            Temple (1/1) D:5            Lair (0/5) D:11
    Orc (0/2) D:12          IceCv (1/1)
 Vaults: D:13-14

Altars:
Ashenzari
Cheibriados
Dithmenos
Elyvilon
Fedhas
Gozag
Hepliaklqana
Kikubaaqudgha
Makhleb
Nemelex Xobeh
Okawaru
Qazlal
Ru
Sif Muna
Trog
Uskayaw
Vehumet
Wu Jian
Xom
Yredelemnul
Zin
The Shining One

Shops:
D:2 ?   D:9 :!?(   D:10 *

Portals:
Trove: D:10 (give 5 scrolls of fear)

Annotations:
D:6 1 runed translucent door, Jim1488's ghost, novice MiMo


Innate Abilities, Weirdness & Mutations

You are a hulking beast.
Your limbs bulge with bestial killing power. (Slay +4)
((You are very nimble when in or above water. (Stealth+, EV+, Speed+++)))
Your lower body shifts to a powerful aquatic tail in water.


Message History

Blink to where?
Press: ? - help, Dir - move target, p - azure jelly
As you read the scroll of blinking, it crumbles to dust.
Okay, then.
Okay, then.
A demon appears!
Aiming: Bolt of Light
Press: ? - help, Shift-Dir - straight line, f - azure jelly
Aim: an azure jelly (moderately wounded, ally target, 74% to hit)
The bolt of light hits the azure jelly!
The azure jelly is moderately wounded.
The bolt of light hits the slime creature!!
The slime creature is moderately wounded.
A slime creature comes into view.
Two slime creatures merge to form a large slime creature.
Your smoke demon hits the azure jelly. x2
Your smoke demon closely misses the azure jelly.
Unknown command.
Reach: J) +7 bardiche "Maedghut" {speed, Drain Str+2 Int+3 Stlth+}
Press: ? - help, Dir - move target, f/p - azure jelly
Aim: an azure jelly (moderately wounded, not watching you, ally target, about 26% to evade the +7 bardiche "Maedghut")
You reach to attack!
You catch the helpless azure jelly completely off-guard!
You slash the azure jelly!
The azure jelly is heavily wounded.
Unknown command.
Your smoke demon gestures at the azure jelly.
The sticky flame hits the azure jelly.
The azure jelly is burned terribly!
The azure jelly is covered in liquid flames!
Reach: J) +7 bardiche "Maedghut" {speed, Drain Str+2 Int+3 Stlth+}
Press: ? - help, Dir - move target, f/p - azure jelly
Aim: an azure jelly (severely wounded, not watching you, covered in liquid flames, ally target, about 14% to evade the +7 bardiche "Maedghut")
You slice the azure jelly!!
The azure jelly is almost dead.
The azure jelly burns!
The azure jelly hits you but does no damage.
The azure jelly hits you.
* * * LOW HITPOINT WARNING * * *
The azure jelly freezes you!!!
You die...

..##...#....#...#J#...#
..#...##....##....J..#
..#..##......#.......#
.##.##...#...##.....#
.#.. #..##...##....##
##..##..###..###.3.#
#...#..## #..###J.####
#..##..# ##..##J.##.#
#.. #..## #..##h##..##
## #...# #..##......#
.# ##..####..##......#
.# #....##..##......#
.## ##...##..##......#
..# #...##...#...#..#
..## ##..##...##.##..#
#..## #..##....####..#
#...####..##....# #...#


You could see an azure jelly (burning, ally target), 2 slime creatures and a
friendly smoke demon (summoned).

Vanquished Creatures
  A quicksilver ooze (IceCv)
  Fannar (D:10)
  3 death yaks
  3 two-headed ogres
  A sun demon (D:12)
  A soul eater (D:12)
  A sixfirhy (D:12)
  Lodul (D:10)
  A deep elf pyromancer (D:12)
  A cyclops (D:13)
  An ice statue (IceCv)
  A gargoyle (D:11)
  2 orange demons (D:12)
  3 unseen horrors
  An efreet (D:12)
  A kobold demonologist (D:12)
  A red devil (D:12)
  8 trolls
  2 meliai (D:13)
  2 hellwings (D:12)
  2 hornets (D:9)
  Grinder (D:3)
  18 slime creatures (IceCv)
  3 shadows
  A vampire (D:11)
  8 yaks
  3 wraiths
  7 vampire mosquitoes
  A chaos spawn (D:12)
  A neqoxec (D:12)
  A steam dragon (D:7)
  An acid dragon (D:10)
  2 water moccasins (D:9)
  4 orc warriors (D:12)
  3 black bears
  A sky beast (D:7)
  4 great orb of eyes simulacra (IceCv)
  10 ogres
  3 centaurs
  A phantom (D:7)
  5 slime creature simulacra (IceCv)
  5 kobold brigands
  5 bullfrogs
  2 scorpions (D:5)
  4 wights (D:10)
  5 glowing shapeshifter simulacra (IceCv)
  22 killer bees
  6 howler monkeys
  A quasit (D:12)
  2 gnoll boudas
  2 orc priests
  4 jellies
  4 iguanas
  5 orc wizards
  A sleepcap (D:7)
  2 shapeshifter simulacra (IceCv)
  9 gnolls
  5 adders
  A river rat (D:11)
  A shadow imp (D:6)
  3 white imps
  An ufetubus (D:5)
  A worm (D:4)
  4 dart slugs
  20 orcs
  5 ball pythons
  6 endoplasms
  2 giant cockroaches
  3 goblins
  4 hobgoblins
  2 quokkas (D:11)
  5 bats
  5 frilled lizards
  24 kobolds
  3 rats
290 creatures vanquished.

Vanquished Creatures (collateral kills)
  A ball python (D:3)
1 creature vanquished.

Vanquished Creatures (others)
  A slime creature (IceCv)
  A butterfly (D:8)
2 creatures vanquished.

Grand Total: 293 creatures vanquished

Notes
Turn   | Place    | Note
-------+----------+-------------------------------------------
     0 | D:1      | Newt the Merfolk Gladiator began the quest for the Orb.
     0 | D:1      | Reached XP level 1. HP: 16/16 MP: 1/1
   331 | D:1      | Reached XP level 2. HP: 24/24 MP: 2/2
  1124 | D:2      | Reached XP level 3. HP: 30/30 MP: 3/3
  1142 | D:2      | Found Josaxupno's Magic Scroll Emporium.
  1151 | D:2      | Bought a scroll of identify for 26 gold pieces
  1151 | D:2      | Bought a scroll of identify for 26 gold pieces
  1595 | D:2      | Learned a level 2 spell: Call Imp
  1694 | D:2      | Reached XP level 4. HP: 7/38 MP: 0/4
  1941 | D:2      | Reached skill level 5 in Polearms
  2001 | D:3      | Noticed Grinder
  2017 | D:3      | Killed Grinder
  2018 | D:3      | Reached skill level 7 in Polearms
  2018 | D:3      | Reached XP level 5. HP: 28/43 MP: 2/5
  2018 | D:3      | Reached XP level 6. HP: 32/49 MP: 2/6
  2524 | D:4      | Reached skill level 8 in Polearms
  3102 | D:4      | Found an ancient bone altar of Kikubaaqudgha.
  3361 | D:5      | Entered Level 5 of the Dungeon
  3370 | D:5      | Reached XP level 7. HP: 48/55 MP: 7/7
  3404 | D:5      | Reached skill level 9 in Polearms
  3536 | D:5      | Found an ornate altar of the Wu Jian Council.
  3563 | D:5      | Reached skill level 10 in Polearms
  3589 | D:5      | Found a staircase to the Ecumenical Temple.
  3667 | Temple   | Entered the Ecumenical Temple
  3731 | D:5      | Identified the +1 buckler "Innaucla" {Int+3}
  3957 | D:5      | Reached skill level 1 in Shapeshifting
  4054 | D:5      | Reached XP level 8. HP: 60/61 MP: 6/8
  4054 | D:5      | Upgraded the game from 0.31-a0-486-g8d68a81214 to
                  | 0.31-a0-496-g6f97920a28
  4259 | D:6      | Found a shadowy altar of Dithmenos.
  4361 | D:6      | Reached skill level 5 in Shapeshifting
  4410 | D:6      | Found a blossoming altar of Fedhas.
  4751 | D:6      | Found a runed translucent door.
  4753 | D:6      | Noticed Jim1488's ghost (novice MiMo)
  5531 | D:7      | Reached XP level 9. HP: 36/66 MP: 6/9
  5687 | D:7      | Identified the ring of Deonaruz {Fly rN+++ Will- Str+4
                  | Stlth+}
  6118 | Temple   | Became a worshipper of Makhleb the Destroyer
  6480 | D:8      | Reached skill level 10 in Shapeshifting
  6556 | D:8      | Reached skill level 11 in Polearms
  6829 | D:8      | Found a hazy altar of Hepliaklqana.
  6838 | D:8      | Found a shimmering altar of Xom.
  6839 | D:8      | Found a stormy altar of Qazlal.
  7033 | D:8      | Found a white marble altar of Elyvilon.
  7178 | D:9      | Reached skill level 12 in Polearms
  7267 | D:9      | Reached skill level 13 in Polearms
  7501 | D:9      | Found Oxkedgh's Book Emporium.
  7560 | D:9      | Reached skill level 14 in Polearms
  7696 | D:9      | Reached skill level 15 in Polearms
  7717 | D:9      | Reached skill level 5 in Fighting
  7717 | D:9      | Reached XP level 10. HP: 57/74 MP: 7/10
  7774 | D:9      | Found Ihotzoh's Magic Scroll Emporium.
  7783 | D:9      | Bought 3 scrolls of identify for 78 gold pieces
  7783 | D:9      | Bought a scroll of identify for 26 gold pieces
  7783 | D:9      | Bought a scroll of identify for 26 gold pieces
  7846 | D:9      | Reached * piety under Makhleb
  7887 | D:9      | Paralysed by a hornet for 3 turns
  7905 | D:9      | HP: 3/77 [poisoned by a water moccasin]
  8273 | D:9      | Found Aleanesig's Distillery.
  8281 | D:9      | Bought a potion of curing for 33 gold pieces
  8281 | D:9      | Bought 2 potions of might for 88 gold pieces
  8502 | D:9      | Killed an unseen horror
  8857 | D:9      | Found Exeelur's Antique Weapon Emporium.
  9066 | D:10     | Entered Level 10 of the Dungeon
  9241 | D:10     | Found a portal to a secret trove of treasure.
  9344 | D:10     | Noticed Lodul
  9355 | D:10     | Reached skill level 5 in Dodging
  9529 | D:10     | Killed Lodul
  9794 | D:10     | Noticed Fannar
  9867 | D:10     | Killed Fannar
  9868 | D:10     | Reached skill level 5 in Shields
  9868 | D:10     | Reached XP level 11. HP: 37/86 MP: 7/11
 10158 | D:10     | Found Nipe's CLEARANCE SALE!.
 10248 | D:10     | Noticed a two-headed ogre
 10260 | D:10     | Killed a two-headed ogre
 10597 | D:11     | Reached ** piety under Makhleb
 10809 | D:12     | Noticed a sixfirhy
 11051 | D:11     | Reached skill level 5 in Evocations
 11056 | D:11     | Found a staircase to the Lair.
 11057 | D:11     | Noticed a death yak
 11057 | D:11     | Noticed a death yak
 11083 | D:11     | Noticed a death yak
 11086 | D:11     | Killed a death yak
 11107 | D:10     | Killed a death yak
 11161 | D:11     | Killed a death yak
 11285 | D:9      | Bought a scroll of acquirement for 676 gold pieces
 11285 | D:9      | Acquired the +7 bardiche "Maedghut" {speed, Drain Str+2
                  | Int+3 Stlth+}
 11412 | D:11     | Reached skill level 5 in Invocations
 11718 | D:12     | Noticed a two-headed ogre
 11726 | D:12     | Killed a two-headed ogre
 11727 | D:12     | Reached XP level 12. HP: 53/92 MP: 8/17
 11809 | D:12     | Noticed a soul eater
 11815 | D:12     | Killed a soul eater
 11840 | D:12     | Reached *** piety under Makhleb
 11955 | D:12     | Noticed a sun demon
 11966 | D:12     | Killed a sun demon
 11967 | D:12     | Reached skill level 16 in Polearms
 12083 | D:12     | Noticed a two-headed ogre
 12090 | D:12     | Killed a two-headed ogre
 12112 | D:12     | Reached skill level 17 in Polearms
 12264 | D:12     | Found a staircase to the Orcish Mines.
 12274 | D:12     | Reached skill level 18 in Polearms
 12717 | D:13     | Reached skill level 19 in Polearms
 12827 | D:13     | Reached **** piety under Makhleb
 12868 | D:13     | Found a frozen archway.
 12877 | IceCv    | Entered an ice cave
 12974 | IceCv    | Reached skill level 20 in Polearms
 12974 | IceCv    | Reached XP level 13. HP: 98/98 MP: 11/19
 13436 | IceCv    | Reached skill level 10 in Dodging
 13447 | IceCv    | Noticed a quicksilver ooze
 13454 | IceCv    | Killed a quicksilver ooze
 13504 | IceCv    | Reached ***** piety under Makhleb
 13593 | IceCv    | Found a viscous altar of Jiyva.
 13593 | IceCv    | Noticed an azure jelly
 13603 | IceCv    | Demolished by an azure jelly

Illustrated notes

Levels and vault maps discovered:
D:1:      saegor_arrival_miasma, layout_basic, minivault_23,
          roderic_roman_lattice, minmay_misc_feat_tower
D:2:      layout_loops_ring, serial_shops, shop
D:3:      layout_rooms, uniq_grinder
D:4:      layout_gridville, mainiacjoe_overflow_catwalk, serial_bayou_pond_e
D:5:      layout_gridville, nicolae_wu_jian_glorious_leap,
          minmay_temple_entry_waves, kennysheep_cluttered_room, grunt_tough_drop
D:6:      layout_cave_pods, fedhas_bush_and_centaur_altar,
          grunt_dithmenos_smoke_and_mirrors, ebering_ghost_reflecting_pool
D:7:      layout_basic, nicolae_elevator_lobby_plus
D:8:      layout_basic, nicolae_elyvilon_peaceful_grove, minitemple
D:9:      layout_long_grid, serial_shops, nicolae_inconvenience_store, shop,
          shop, shop, minmay_quadrilaterals
D:10:     layout_stronghold, enter_trove_2, nicolae_shop_clearance, uniq_fannar,
          uniq_lodul
D:11:     layout_cave_pools, dpeg_lair_monsters, grunt_decor_one_mirror
D:12:     layout_roguey, david_orc_2, serial_demonic, serial_demonic_a,
          serial_demonic_e, serial_demonic_f, serial_demonic_b,
          serial_demonic_d, hangedman_decor_riveting
D:13:     minmay_the_grid_square_5x5_4x4_mashed
          [minmay_the_grid_square_5x5_shuriken,
          minmay_the_grid_square_5x5_shrine2, minmay_the_grid_square_5x5_fat_x,
          minmay_the_grid_square_5x5_misaligned,
          minmay_the_grid_square_5x5_comb,
          minmay_the_grid_square_5x5_prize_monsterx,
          minmay_the_grid_square_5x5_prize_snowflake,
          minmay_the_grid_square_5x5_minivault,
          minmay_the_grid_square_5x5_lines,
          minmay_the_grid_square_5x5_prize_deathbox,
          minmay_the_grid_square_5x5_prize_itemx,
          minmay_the_grid_square_5x5_minimal, minmay_the_grid_square_5x5_v,
          minmay_the_grid_square_5x5_two_walls_a, minmay_the_grid_square_5x5_c,
          minmay_the_grid_square_5x5_moneybag], layout_small_grid,
          erik_vaults_1, portal_ice_cave_entry_pillars_1, serial_glass,
          glass_columns_a, glass_columns_b, glass_columns_a, glass_columns_b,
          glass_columns_a, glass_columns_b, glass_columns_b, glass_columns_a,
          glass_columns_a, glass_columns_c, glass_columns_b, glass_columns_c,
          glass_columns_b, glass_columns_a, due_unseen_surprise,
          item_on_display_a, eino_jars
Temple:   nicolae_temple_two_arcs
IceCv:    ice_cave_hellmonk_azure_passage

Skill      XL: |  1  2  3  4  5  6  7  8  9 10 11 12 13 |
---------------+----------------------------------------+-----
Fighting       | 3 4 5 8 |  8.0
Polearms       | 7 8 10 15 20 | 20.0
Shapeshifting  | 4 8 10 | 10.0
Dodging        | 8 11 | 11.3
Shields        | 5 6 |  6.0
Evocations     | 6 |  6.0
Invocations    | 6 9 |  9.0
Throwing       | |  2.0

Action                     |  1- 3 |  4- 6 |  7- 9 | 10-12 | 13-15 || total
---------------------------+-------+-------+-------+-------+-------++-------
  Melee: Trident           |   105 |    81 |   393 |   378 |       ||   957
         Punch             |       |     1 |     1 |       |       ||     2
         Bardiche          |       |       |       |   198 |    97 ||   295
  Throw: Throwing net      |       |       |       |     2 |       ||     2
   Cast: Call Imp          |     1 |       |       |       |       ||     1
 Invoke: Lesser Servant of |       |       |       |       |     1 ||     1
  Evoke: Wand              |       |       |       |     3 |     2 ||     5
    Use: Scroll            |     7 |     2 |     7 |    11 |     1 ||    28
         Potion            |       |       |       |     4 |       ||     4
   Stab: Sleeping          |     4 |     1 |     1 |     2 |     2 ||    10
         Invisible         |       |       |       |     3 |       ||     3
         Held in net/web   |       |       |       |     2 |       ||     2
         Distracted        |       |       |       |       |     1 ||     1
 Armour: Leather armour    |    23 |    18 |   109 |    16 |       ||   166
         Acid dragon scale |       |       |       |    41 |       ||    41
         Troll leather arm |       |       |       |    10 |     4 ||    14
  Dodge: Dodged            |    57 |    32 |   213 |   310 |    26 ||   638
  Block: Buckler           |       |       |    61 |    70 |       ||   131
   Form: Beast             |       |       |     1 |       |       ||     1

Table legend: (Time is in decaauts)
 A = Elapsed time spent in this place.
 B = Non-inter-level travel time spent in this place.
 C = Inter-level travel time spent in this place.
 D = Time resting spent in this place.
 E = Time spent auto-exploring this place.
 F = Levels seen in this place.
 G = Mean time per level.
                   A        B        C        D        E       F      G
               +--------+--------+--------+--------+--------+-----+--------+
         Total |  13299 |  12707 |    592 |   1905 |   8650 |  15 |  886.6 |
       Dungeon |  12603 |  12030 |    573 |   1581 |   8472 |  13 |  969.5 |
        Temple |     23 |      5 |     18 |      0 |      0 |   1 |   23.0 |
      Ice Cave |    672 |    672 |      0 |    324 |    178 |   1 |  672.0 |
               +--------+--------+--------+--------+--------+-----+--------+

Top non-repeatable levels by time:
     D:9: 1998 daAuts
    D:10: 1461 daAuts
    D:12: 1133 daAuts
     D:2: 1025 daAuts
     D:6: 1000 daAuts
     D:8: 971 daAuts
     D:4: 949 daAuts
     D:7: 945 daAuts
     D:1: 822 daAuts
     D:5: 820 daAuts
    D:11: 749 daAuts
   IceCv: 672 daAuts
     D:3: 567 daAuts
    D:13: 157 daAuts
  Temple: 23 daAuts
